 Dungeon Crawl Stone Soup version 0.24.0-13-gcf9b319 (webtiles) character file.

Game seed: 12470835846041436895, levelgen mode: deterministic

3285 Bronimir the Tainter (level 10, -12/61 HPs)
             Began as an Octopode Venom Mage on Mar 19, 2020.
             Was a Follower of Kikubaaqudgha.
             Killed from afar by an electric eel (16 damage)
             ... with a bolt of electricity
             ... on level 9 of the Dungeon.
             The game lasted 00:35:36 (11355 turns).

Bronimir the Tainter (Octopode Venom Mage)         Turns: 11355, Time: 00:35:37

Health: -12/61     AC:  1    Str:  7    XL:     10   Next: 0%
Magic:  13/18      EV: 15    Int: 22    God:    Kikubaaqudgha [*.....]
Gold:   425        SH:  0    Dex: 16    Spells: 2/20 levels left

rFire    + + .     SeeInvis .   a - +2 quarterstaff (chaos)
rCold    + . .     Gourm    .   (shield currently unavailable)
rNeg     . . .     Faith    .   (helmet restricted)
rPois    .         Spirit   .   (no amulet)
rElec    .         Reflect  .   h - +2 ring of dexterity
rCorr    +         Harm     .   s - ring of resist corrosion
MR       .....                  u - ring of protection from cold
Stlth    +++.......             c - ring of Leaves {+Fly rF++ MR- Dex+2}
HPRegen  0.20/turn              (no ring)
MPRegen  0.16/turn              (no ring)
                                (no ring)
                                (no ring)

@: about to teleport
A: almost no armour, stealthy swim, amphibious, 8 rings, constrict 8, camouflage
1, gelatinous body 1
a: Receive Corpses, Renounce Religion, Evoke Flight


You were on level 9 of the Dungeon.
You worshipped Kikubaaqudgha.
Kikubaaqudgha was aware of your devotion.
You were not hungry.

You visited 2 branches of the dungeon, and saw 10 of its levels.

You collected 425 gold pieces.

Inventory:

Hand Weapons
 a - a +2 quarterstaff of chaos (weapon)
 b - a +0 shortbow
 k - a +0 hand crossbow
 y - a +0 dagger of pain
 A - a cursed +0 broad axe
 E - a +0 hunting sling
 J - a +0 trident of protection
 N - a +0 whip of flaming
Missiles
 f - 183 stones
 l - 11 poisoned darts (quivered)
 p - 60 arrows
 L - 14 sling bullets
Armour
 H - a +0 buckler
Jewellery
 c - the ring of Leaves (on tentacle) {+Fly rF++ MR- Dex+2}
   (You found it on level 8 of the Dungeon)

   [ring of flight]

   It affects your dexterity (+2).
   It greatly protects you from fire.
   It affects your resistance to hostile enchantments.
   It lets you fly.
 h - a +2 ring of dexterity (left tentacle)
 o - a cursed -5 ring of intelligence {unknown}
 s - a ring of resist corrosion (right tentacle)
 u - a ring of protection from cold (on tentacle)
 K - an uncursed ring of protection from magic {unknown}
Wands
 i - a wand of flame (14)
 D - a wand of paralysis (15)
 I - a wand of polymorph (6)
Scrolls
 e - 2 scrolls of identify
 g - 2 scrolls of remove curse
 r - a scroll of amnesia
 v - 3 scrolls of magic mapping
 w - 3 scrolls of enchant armour
 F - a scroll of teleportation
Potions
 d - a potion of ambrosia {unknown}
 j - 2 potions of brilliance
 m - a potion of cancellation
 q - a potion of magic {unknown}
 t - a potion of might {unknown}
 x - a potion of lignification {unknown}
 z - a potion of resistance {unknown}
 B - 2 potions of curing
 C - 2 potions of haste
 G - 2 potions of agility {unknown}
Comestibles
 n - 7 rations


   Skills:
 + Level 2.5 Fighting
 + Level 0.5(2.8) Maces & Flails
 + Level 4.5(4.6) Staves
 + Level 2.0(2.1) Slings
 + Level 1.7 Bows
 + Level 1.1(1.7) Throwing
 * Level 4.2 Dodging
 - Level 2.6 Stealth
 * Level 1.6 Shields
 + Level 5.8 Spellcasting
 + Level 5.8 Conjurations
 * Level 1.4 Necromancy
 + Level 9.3 Poison Magic
 + Level 1.0 Evocations


You had 2 spell levels left.
You knew the following spells:

 Your Spells              Type           Power        Failure   Level  Hunger
a - Sting                 Conj/Pois      ####         1%          1    None
b - Poisonous Vapours     Pois/Air       ####..       1%          2    None
c - Mephitic Cloud        Conj/Pois/Air  ####....     3%          3    ##.....
d - Olgreb's Toxic Radia  Pois           #####...     1%          4    ####...
e - Venom Bolt            Conj/Pois      #####.....   12%         5    #####..
f - Pain                  Necr           ##..         5%          1    None
g - Sublimation of Blood  Necr           ##........   8%          2    None

Your spell library contained the following spells:

 Spells                   Type           Power        Failure   Level  Hunger
 Animate Skeleton         Necr           N/A          5%          1    None
 Regeneration             Chrm/Necr      #.........   21%         3    ##.....


Dungeon Overview and Level Annotations

Branches:
Dungeon (8/15)             Temple (1/1) D:7
   Lair: D:8-11

Altars:
Ashenzari
Cheibriados
Dithmenos
Elyvilon
Fedhas
Gozag
Hepliaklqana
Kikubaaqudgha
Makhleb
Nemelex Xobeh
Okawaru
Qazlal
Ru
Trog
Wu Jian
Xom
Yredelemnul
The Shining One

Annotations:
D:7 3 runed translucent doors, growler's ghost, amateur FeEn


Innate Abilities, Weirdness & Mutations

You cannot wear most types of armour.
You are very stealthy in the water. (Stealth+)
You are amphibious.
You can wear up to eight rings at the same time.
You can use your tentacles to constrict eight enemies at once.
Your skin changes colour to match your surroundings (Stealth+).
Your rubbery body absorbs attacks. (AC +1, EV +1)


Message History

The electric eel is poisoned. x2; The electric eel looks even sicker. x2
The basilisk bites you!!
You hit the basilisk but do no damage.
The basilisk seems to speed up.
Your grab misses the basilisk.
The basilisk is moderately wounded.
The electric eel looks even sicker. x2; The basilisk closely misses you.
The electric eel shoots out a bolt of lightning at you!
The bolt of electricity hits you!
* * * LOW HITPOINT WARNING * * *
The basilisk barely misses you.
As you read the scroll of teleportation, it crumbles to dust.
You feel strangely unstable.
The basilisk looks even sicker.
Your toxic aura wanes.
The basilisk hisses menacingly.
The basilisk bites you!
* * * LOW HITPOINT WARNING * * *
The electric eel shoots out a bolt of lightning at you!
The bolt of electricity hits you!
You die...
Kikubaaqudgha rasps: "You have failed me!
Welcome... death!"

...#### .......###
.........##
..........#
.........%##
..≈........#
.≈≈≈.[.....##
≈!≈≈≈.l@....#
≈..≈≈.≈.....#
≈.?.>≈......#
≈≈!=≈≈......#
.≈≈;≈.......# #
.≈≈;≈.......# #
............##########
#
..........#..........#
#
.......#####.#.#.#.###


You could see a basilisk and 2 electric eels.

Vanquished Creatures
  A two-headed ogre (D:8)
  Pikel (D:9)
  A troll (D:9)
  A steam dragon (D:8)
  An orc warrior (D:6)
  A sky beast (D:3)
  4 slaves (D:9)
  2 centaurs
  Blork the orc (D:5)
  A big kobold (D:8)
  A bullfrog (D:8)
  2 scorpions
  2 wights
  A centaur zombie (D:8)
  A howler monkey (D:7)
  A crimson imp (D:6)
  A quasit (D:7)
  3 jellies
  3 orc priests
  Crazy Yiuf (D:2)
  3 hounds
  2 bullfrog skeletons
  4 worker ants
  Natasha (thrice) (D:2)
  5 orc wizards
  A hound zombie (D:8)
  A worker ant zombie (D:5)
  6 gnolls
  8 adders
  7 shadow imps
  An ooze (D:3)
  An adder zombie (D:5)
  4 worms
  3 dart slugs
  20 orcs
  2 ball pythons (D:1)
  5 giant cockroaches
  10 goblins
  11 hobgoblins
  12 jackals
  12 kobolds
  6 quokkas
  12 bats
  7 frilled lizards
  A quokka skeleton (D:5)
  8 rats
185 creatures vanquished.

Vanquished Creatures (others)
  A worm (D:4)
  A fungus (D:7)
  3 plants (D:7)
5 creatures vanquished.

Grand Total: 190 creatures vanquished

Notes
Turn   | Place    | Note
-------+----------+-------------------------------------------
     0 | D:1      | Bronimir the Octopode Venom Mage began the quest for the
                  | Orb.
     0 | D:1      | Reached XP level 1. HP: 11/11 MP: 3/3
   110 | D:1      | Reached skill level 4 in Poison Magic
   112 | D:1      | Reached XP level 2. HP: 11/17 MP: 0/5
   266 | D:1      | Learned a level 2 spell: Poisonous Vapours
   887 | D:2      | Reached XP level 3. HP: 21/21 MP: 0/6
  1212 | D:2      | Reached XP level 4. HP: 15/27 MP: 2/7
  1420 | D:2      | Found a runed translucent door.
  1421 | D:2      | Noticed Crazy Yiuf
  1497 | D:2      | Killed Crazy Yiuf
  1497 | D:2      | Reached skill level 1 in Slings
  1868 | D:2      | Found a stormy altar of Qazlal.
  1948 | D:2      | Noticed Natasha
  1962 | D:2      | Killed Natasha
  1962 | D:2      | Reached XP level 5. HP: 27/32 MP: 2/8
  2069 | D:2      | Reached skill level 5 in Poison Magic
  2101 | D:2      | Noticed Natasha
  2109 | D:2      | Killed Natasha
  2117 | D:2      | Noticed Natasha
  2122 | D:2      | Killed Natasha
  2209 | D:2      | Reached XP level 6. HP: 37/37 MP: 5/10
  2728 | D:3      | Noticed a sky beast
  2734 | D:3      | Killed a sky beast
  3273 | D:3      | Reached skill level 1 in Fighting
  3560 | D:3      | Learned a level 3 spell: Mephitic Cloud
  3565 | D:3      | Learned a level 4 spell: Olgreb's Toxic Radiance
  3713 | D:3      | Reached skill level 1 in Staves
  4087 | D:4      | Reached XP level 7. HP: 43/43 MP: 5/11
  4130 | D:4      | Reached skill level 6 in Poison Magic
  4177 | D:4      | Found an opulent altar of Gozag.
  4188 | D:4      | Reached skill level 1 in Throwing
  4319 | D:4      | Found a blossoming altar of Fedhas.
  4481 | D:5      | Entered Level 5 of the Dungeon
  4481 | D:5      | Found a transporter.
  4481 | D:5      | Noticed Blork the orc
  4487 | D:5      | Killed Blork the orc
  5344 | D:5      | Found a transporter.
  5847 | D:5      | Reached XP level 8. HP: 36/48 MP: 9/13
  6146 | D:5      | Reached skill level 7 in Poison Magic
  7927 | D:5      | Learned a level 5 spell: Venom Bolt
  8984 | D:7      | Found a staircase to the Ecumenical Temple.
  8999 | Temple   | Entered the Ecumenical Temple
  9263 | Temple   | Became a worshipper of Kikubaaqudgha
  9300 | D:7      | Found a runed translucent gate.
  9300 | D:7      | Found a runed translucent gate.
  9300 | D:7      | Noticed a kobold demonologist
  9300 | D:7      | Noticed growler's ghost (amateur FeEn)
  9304 | D:7      | Found a runed translucent gate.
  9321 | D:7      | Found a white marble altar of Elyvilon.
  9707 | D:7      | Reached skill level 1 in Bows
  9912 | D:7      | Reached skill level 8 in Poison Magic
 10383 | D:8      | Got a steaming granite ring
 10384 | D:8      | Identified the ring of Leaves {+Fly rF++ MR- Dex+2} (You
                  | found it on level 8 of the Dungeon)
 10402 | D:8      | Reached skill level 5 in Conjurations
 10402 | D:8      | Reached XP level 9. HP: 41/54 MP: 16/16
 10464 | D:8      | Reached skill level 5 in Spellcasting
 10532 | D:8      | Noticed a two-headed ogre
 10563 | D:8      | Killed a two-headed ogre
 10659 | D:8      | Reached skill level 9 in Poison Magic
 10919 | D:8      | Reached skill level 1 in Evocations
 10932 | D:8      | You fall into a shaft and drop 1 floor!
 10950 | D:9      | Reached * piety under Kikubaaqudgha
 10950 | D:9      | Identified Kikubaaqudgha's Collected Works on Evil
                  | (Kikubaaqudgha gifted it to you on level 9 of the Dungeon)
 10950 | D:9      | Received a gift from Kikubaaqudgha
 10991 | D:9      | Learned a level 1 spell: Pain
 10994 | D:9      | Learned a level 2 spell: Sublimation of Blood
 11010 | D:9      | Noticed a troll
 11046 | D:9      | Killed a troll
 11200 | D:9      | Noticed Pikel
 11236 | D:9      | Killed Pikel
 11236 | D:9      | Reached skill level 1 in Shields
 11236 | D:9      | Reached skill level 1 in Necromancy
 11236 | D:9      | Reached XP level 10. HP: 50/61 MP: 1/18
 11355 | D:9      | Killed from afar by an electric eel

Levels and vault maps discovered:
D:1:      dpeg_arrival_rhombus, layout_basic, minmay_misc_feat_encased
D:2:      minmay_angry_zag, layout_rooms, grunt_qazlal_clouds, serial_forest,
          infiniplex_forest_clump_C, infiniplex_forest_side_room,
          infiniplex_forest_straight_4, infiniplex_forest_lined_2,
          infiniplex_forest_lined_room_3, infiniplex_forest_clump_diagonal,
          infiniplex_forest_clump_long, infiniplex_forest_end_2,
          infiniplex_forest_clump_long, hangedman_decor_clover_reticule,
          minmay_split_cup_large, uniq_natasha, uniq_crazy_yiuf_cottage
D:3:      layout_basic
D:4:      cheibrodos_quashed, layout_cave_pools, lemuel_round_altar,
          first_ration, nicolae_gozag_seed_capital
D:5:      gammafunk_wand_slinger, layout_rooms, uniq_blork_the_orc
D:6:      kennysheep_six_static_rooms, layout_gridville
D:7:      layout_rooms, nicolae_overflow_crystal_walls, temple_pool_b,
          gammafunk_ghost_nasty_kobolds
D:8:      layout_basic, blue_anna_alchemist [blue_anna_fruit_fields,
          blue_anna_fruit_fields]
D:9:      layout_loops_ring, nicolae_overflow_hidden_temple, marbit_many_paths,
          gammafunk_temple_overflow_elements, serial_shops, kennysheep_mini,
          disabler_island, uniq_pikel
Temple:   regret_index_temple_generic_petals

Skill      XL: |  1  2  3  4  5  6  7  8  9 |
---------------+----------------------------+-----
Poison Magic   | 4 5 6 8 9 |  9.3
Slings         | 1 2 |  2.0
Conjurations   | 2 3 5 |  5.8
Spellcasting   | 3 4 5 |  5.8
Fighting       | 1 2 |  2.5
Staves         | 1 2 3 4 |  4.5
Throwing       | 1 |  1.1
Dodging        | 3 4 |  4.2
Bows           | 1 |  1.7
Evocations     | 1 |  1.0
Shields        | 1 |  1.6
Necromancy     | 1 |  1.4
Maces & Flails | |  0.5
Stealth        | |  2.6

Action                   |  1- 3 |  4- 6 |  7- 9 | 10-12 || total
-------------------------+-------+-------+-------+-------++-------
Melee: Unarmed           |    10 |       |       |       ||    10
       Tentacles         |     9 |    11 |    23 |       ||    43
       Constrict         |    13 |    20 |    18 |       ||    51
       Club              |    39 |       |       |       ||    39
       Quarterstaff      |       |    77 |   129 |     1 ||   207
 Fire: Hunting sling     |    22 |       |       |       ||    22
       Shortbow          |       |       |    36 |       ||    36
Throw: Dart              |     9 |     6 |    11 |       ||    26
       Stone             |       |       |     1 |       ||     1
 Cast: Sting             |    22 |     7 |    56 |       ||    85
       Poisonous Vapours |     6 |    47 |    29 |     1 ||    83
       Olgreb's Toxic Ra |       |     1 |    23 |     1 ||    25
       Mephitic Cloud    |       |       |    12 |       ||    12
       Sublimation of Bl |       |       |     5 |       ||     5
       Pain              |       |       |     1 |       ||     1
 Abil: Evoke Flight      |       |       |     1 |       ||     1
Evoke: Wand              |       |       |     3 |       ||     3
  Use: Potion            |     2 |       |       |       ||     2
       Scroll            |       |     3 |    12 |     1 ||    16
 Stab: Sleeping          |     1 |     1 |     2 |       ||     4
       Confused          |       |       |     3 |       ||     3
       Paralysed         |       |       |     3 |       ||     3
  Eat: Chunk             |     1 |    12 |    10 |     1 ||    24
       Ration            |       |       |     5 |       ||     5
Armor: Skin              |    13 |    10 |     4 |       ||    27
Dodge: Dodged            |    60 |    65 |   110 |     2 ||   237
